 Seeded DCSS version 0.30-a0-883-g5ad918d77d (webtiles) character file.

Game seed: 15748772131455733785 (custom seed)

3236 Parcival the Cleaver (level 9, -13/84 HPs)
             Began as a Minotaur Fighter on Mar 16, 2023.
             Was a Follower of Ashenzari.
             Mangled by an orc warlord
             ... wielding a +4 broad axe
              (18 damage)
             ... in a bailey.
             The game lasted 00:12:50 (5914 turns).

Parcival the Cleaver (Minotaur Fighter)             Turns: 5914, Time: 00:12:50

Health: -13/84     AC: 18    Str: 38    XL:     9   Next: 66%
Magic:  8/8        EV:  7    Int:  5    God:    Ashenzari [*.....]
Gold:   325        SH: 10    Dex: 10    Spells: 8/8 levels left

rFire   . . .      SeeInvis .    w - +3 flail (heavy)
rCold   . . .      Faith    .    o - +0 kite shield of the Restrained Sky {Self, Fort} (curse)
rNeg    . . .      Spirit   .    e - +1 plate armour
rPois   +          Reflect  .    (helmet restricted)
rElec   .          Rampage  .    (no cloak)
rCorr   .                        t - +0 pair of gloves
Will    .....                    r - +1 pair of boots of Caiwo {Str+7} Stlth
                                 (no amulet)
HPRegen 0.34/turn                f - ring of the Ruined Paranoia {Str+6, Self, Melee} (curse)
MPRegen 0.11/turn                n - ring of poison resistance

@: mighty
A: horns 2, retaliatory headbutt
a: Renounce Religion, Shatter the Chains


You were in a bailey.
You worshipped Ashenzari.
Ashenzari was aware of your devotion.
You visited 2 branches of the dungeon, and saw 8 of its levels.
You also visited: Bailey.

You collected 325 gold pieces.

Inventory:

Hand Weapons
 a - a +0 war axe
 j - a +0 broad axe
 w - a +3 heavy flail (weapon)
Armour
 b - a +0 scale mail
 c - a +0 buckler
 e - a +1 plate armour (worn)
 o - the cursed +0 kite shield of the Restrained Sky (worn) {Self, Fort}
   (You found it on level 4 of the Dungeon)

   It has a curse which improves the following skills: Introspection: Fighting
   and Spellcasting.
   Fortitude: Armour and Shields.
 r - the +1 pair of boots of Caiwo (worn) {Str+7}
   (You acquired it in the Ecumenical Temple)

   Str:       It affects your strength (+7).
 t - a +0 pair of gloves (worn)
Jewellery
 f - the cursed ring of the Ruined Paranoia (left hand) {Str+6, Self, Melee}
   (You found it on level 1 of the Dungeon)

   [ring of strength]

   Str:       It affects your strength (+6).
   It has a curse which improves the following skills: Introspection: Fighting
   and Spellcasting.
   Melee Combat: Short Blades, Long Blades, Axes, Maces & Flails, Polearms,
   Staves and Unarmed Combat.
 n - a ring of poison resistance (right hand)
Wands
 l - a wand of acid (8)
 p - a wand of polymorph (21)
 u - a wand of flame (21)
 z - a wand of mindburst (20)
Scrolls
 h - a scroll of fog
 s - a scroll of blinking
 x - a scroll of fear
 A - 4 scrolls of teleportation
 E - a scroll of magic mapping
Potions
 d - a potion of might
 g - 3 potions of mutation
 i - 4 potions of brilliance
 k - a potion of haste
 m - a potion of lignification
 q - 2 potions of resistance
 v - 2 potions of ambrosia
 B - a potion of curing
 C - a potion of berserk rage
 D - a potion of flight
 F - a potion of heal wounds


   Skills:
 + Level 8.0(9.4) Fighting
 + Level 8.9(10.4) Axes
 + Level 5.6(8.7) Maces & Flails
 + Level 8.2(9.1) Armour
 + Level 0.3 Dodging
 + Level 1.0 Stealth
 + Level 8.0(8.9) Shields
 + Level 0.1 Evocations


You had 8 spell levels left.
You didn't know any spells.
Your spell library contained the following spells:

 Spells                   Type           Power      Damage    Failure   Level
 Magic Dart               Conj           0%         1d3       100%        1
 Slow                     Hex            0%         N/A       100%        1
 Call Imp                 Summ           0%         N/A       100%        2
 Confusing Touch          Hex            0%         N/A       100%        3
 Ignite Poison            Fire/Tmut/Pois 0%         N/A       100%        3
 Kindle Blastsparks       Fire/Tloc/Air  0%         2d10      100%        3
 Mephitic Cloud           Conj/Pois/Air  0%         N/A       100%        3
 Vampiric Draining        Necr           0%         2d6       100%        3
 Freezing Cloud           Conj/Ice/Air   0%         6-21      100%        5
 Summon Forest            Summ/Tloc      0%         N/A       100%        5
 Summon Mana Viper        Hex/Summ       0%         N/A       100%        5
 Summon Cactus Giant      Summ           0%         N/A       100%        6


Dungeon Overview and Level Annotations

Branches:
Dungeon (7/15)             Temple (1/1) D:4          Bailey (1/1)

Altars:
Ashenzari
Cheibriados
Dithmenos
Elyvilon
Fedhas
Gozag
Hepliaklqana
Kikubaaqudgha
Makhleb
Nemelex Xobeh
Okawaru
Ru
Sif Muna
Trog
Uskayaw
Vehumet
Xom
Yredelemnul
Zin
The Shining One


Innate Abilities, Weirdness & Mutations

You have a pair of horns on your head.
You reflexively headbutt those who attack you in melee.


Message History

The orc warrior hits you with a +0 war axe.
The goblin attacks as you move away! You block the goblin's attack.
The orc warrior attacks as you move away!
The orc warrior hits you but does no damage.
You bludgeon the goblin!!
You kill the goblin!
You hit the orc warrior but do no damage.
Your headbutt misses the orc warrior. You block the orc warrior's attack.
You hit the orc warlord.
The orc warlord is lightly wounded.
The orc warlord hits you with a +4 broad axe!
You pound the orc warlord like an anvil!!!
Your headbutt misses the orc warlord.
The orc warlord is moderately wounded.
The orc warlord barely misses you.
The orc warlord hits you with a +4 broad axe!
You sock the orc warlord! You headbutt the orc warlord.
The orc warlord is heavily wounded.
You block the orc warlord's attack.
The orc warlord hits you with a +4 broad axe.
You completely miss the orc warlord. You headbutt the orc warlord!
The orc warlord is heavily wounded.
The orc warlord hits you with a +4 broad axe!!
You thump the orc warlord!
The orc warlord is severely wounded.
The orc warlord barely misses you. You furiously retaliate!
You headbutt the orc warlord!!
The orc warlord hits you with a +4 broad axe!!
* * * LOW HITPOINT WARNING * * *
You feel very mighty all of a sudden.
The orc warlord hits you with a +4 broad axe!
* * * LOW HITPOINT WARNING * * *
You hit the orc warlord but do no damage.
The orc warlord is almost dead.
You block the orc warlord's attack.
The orc warlord hits you but does no damage.
You closely miss the orc warlord. Your headbutt misses the orc warlord.
The orc warlord is almost dead.
The orc warlord hits you with a +4 broad axe!!
You die...

#......... #.........
###))...... #
###.#'#.....###.# #
###.....###.###.... ###
##.........###...... ##..
#..........8##...... #...
#..........8#o...... #...
#∩....⌠....@ogg..... #...
#..........8#og..... #...
#..........8##...... #...
##.........###......
###.. ###...))###.###....
###.###
###.#'#.....###.###.....#
###.........###.......)
#...........#.......))
#...........#.........


You could see an orc warlord, 2 orc warriors, a gnoll and 2 goblins.

Vanquished Creatures
  The ghost of Mickster the Chopper, a novice GrBe of Trog (D:6)
  2 water moccasins (D:5)
  2 sky beasts (D:6)
  3 ice beasts (D:5)
  The ghost of baller8008 the Covered, an amateur MiFi (D:3)
  9 orc warriors (Bailey)
  An ogre (D:5)
  2 phantoms (D:4)
  A kobold brigand (D:5)
  A bullfrog (D:7)
  2 scorpions (D:5)
  A crimson imp (D:5)
  5 hounds
  2 orc priests (D:5)
  A sleepcap (D:5)
  3 iguanas
  Ijyb (D:3)
  Natasha (D:3)
  2 orc wizards
  6 adders
  13 gnolls
  A white imp (D:6)
  2 ufetubi (D:6)
  2 worms (D:2)
  4 dart slugs
  20 orcs
  12 endoplasms
  4 giant cockroaches
  9 goblins
  14 hobgoblins
  11 jackals
  A quokka (D:2)
  8 ball pythons
  2 bats
  4 frilled lizards
  8 kobolds
  5 rats
167 creatures vanquished.

Vanquished Creatures (others)
  A demonic plant (D:2)
1 creature vanquished.

Grand Total: 168 creatures vanquished

Notes
Turn   | Place    | Note
-------+----------+-------------------------------------------
     0 | D:1      | Parcival the Minotaur Fighter began the quest for the Orb.
     0 | D:1      | Reached XP level 1. HP: 19/19 MP: 0/0
   254 | D:1      | Reached XP level 2. HP: 27/27 MP: 1/1
   928 | D:2      | Reached XP level 3. HP: 26/33 MP: 2/2
  1136 | D:2      | Reached XP level 4. HP: 41/41 MP: 3/3
  1152 | D:2      | Found a faded altar of an unknown god.
  2057 | D:3      | Found a runed translucent door.
  2399 | D:3      | Noticed Ijyb
  2400 | D:3      | Noticed Natasha
  2408 | D:3      | Killed Ijyb
  2409 | D:3      | Reached XP level 5. HP: 17/47 MP: 4/4
  2412 | D:3      | Killed Natasha
  2798 | D:3      | Noticed baller8008's ghost (amateur MiFi)
  2812 | D:3      | Killed baller8008's ghost
  2813 | D:3      | Reached skill level 5 in Axes
  2813 | D:3      | Reached XP level 6. HP: 36/55 MP: 5/5
  3221 | D:4      | Reached skill level 5 in Fighting
  3221 | D:4      | Reached skill level 5 in Armour
  3266 | D:4      | Found a staircase to the Ecumenical Temple.
  3373 | D:4      | Found a white marble altar of Elyvilon.
  3654 | Temple   | Entered the Ecumenical Temple
  3832 | Temple   | Identified a scroll of acquirement
  3832 | Temple   | Acquired the +1 pair of boots of Caiwo {Str+7}
  3862 | D:5      | Entered Level 5 of the Dungeon
  3862 | D:5      | Noticed an ice beast
  3866 | D:5      | Killed an ice beast
  3867 | D:5      | Reached XP level 7. HP: 61/61 MP: 6/6
  3868 | D:5      | Found a broken altar of Ashenzari.
  3921 | D:5      | Found a radiant altar of Vehumet.
  3930 | D:5      | Became a worshipper of Ashenzari the Shackled
  4057 | D:5      | Reached skill level 5 in Shields
  4057 | D:5      | Reached XP level 8. HP: 70/70 MP: 7/7
  4168 | D:5      | Found a blossoming altar of Fedhas.
  4262 | D:5      | Found a shimmering altar of Xom.
  4262 | D:5      | Found a burning altar of Makhleb.
  4384 | D:5      | Found an iron altar of Okawaru.
  4446 | D:5      | Reached skill level 1 in Maces & Flails
  4834 | D:6      | Found an ancient bone altar of Kikubaaqudgha.
  4840 | D:6      | Found a shadowy altar of Dithmenos.
  4844 | D:6      | Found a glowing golden altar of the Shining One.
  4964 | D:6      | Found a runed translucent door.
  4966 | D:6      | Noticed Mickster's ghost (novice GrBe)
  4978 | D:6      | Killed Mickster's ghost
  4979 | D:6      | Reached skill level 1 in Stealth
  4979 | D:6      | Reached XP level 9. HP: 80/81 MP: 8/8
  5116 | D:6      | Found a shimmering blue altar of Sif Muna.
  5120 | D:6      | Found a snail-covered altar of Cheibriados.
  5151 | D:6      | Found a sacrificial altar of Ru.
  5359 | D:6      | Reached * piety under Ashenzari
  5411 | D:7      | Found a flagged portal.
  5422 | Bailey   | Entered a bailey
  5528 | Bailey   | Reached skill level 5 in Maces & Flails
  5901 | Bailey   | Noticed an orc warlord
  5912 | Bailey   | HP: 4/84 [orc warlord/+4 broad axe (15)]
  5914 | Bailey   | Mangled by an orc warlord

Illustrated notes

Levels and vault maps discovered:
D:1:      dpeg_arrival_brainrot, layout_basic, hangedman_decor_growths,
          minmay_misc_feat_rugged, nicolae_titane
D:2:      minmay_recursive_quarters, layout_basic,
          dreamdust_ecumenical_altar_sealed_demon, serial_glass,
          glass_columns_c, glass_columns_a, hex_tiny
D:3:      layout_basic, ebering_ghost_reflecting_pool,
          minmay_misc_feat_four_crosses, uniq_ijyb, uniq_natasha
D:4:      layout_loops_ring, mainiacjoe_overflow_boulevard,
          minmay_temple_entry_stoned_glass
D:5:      minmay_octagon_keep, layout_rooms, lemuel_doored_altar,
          fiery_altar_vehumet, overflow_temple_1_default,
          mainiacjoe_overflow_24_doors, grunt_temple_overflow_champion_of_chaos,
          kennysheep_generic_room_9
D:6:      layout_rooms, minitemple, nicolae_ru_awakened_eye,
          hellmonk_ghost_happy_afterlife, chequers_decorated_corner,
          due_unseen_surprise
D:7:      minmay_spotlight, layout_loops_ring, nicolae_overflow_crystal_walls,
          enter_bailey_2, uniq_prince_ribbit1
Temple:   nicolae_temple_bog_church
Bailey:   bailey_axe_minmay_hex_keep, bailey

Skill      XL: |  1  2  3  4  5  6  7  8  9 |
---------------+----------------------------+-----
Fighting       | 4 5 6 7 8 |  8.0
Armour         | 4 5 6 7 8 |  8.2
Axes           | 3 4 5 6 7 8 |  8.9
Shields        | 4 5 6 8 |  8.0
Maces & Flails | 3 5 |  5.6
Stealth        | 1 |  1.0
Dodging        | |  0.3
Evocations     | |  0.1

Action                     |  1- 3 |  4- 6 |  7- 9 || total
---------------------------+-------+-------+-------++-------
  Melee: War axe           |    20 |       |       ||    20
         Headbutt          |     7 |    20 |    26 ||    53
         Broad axe         |    33 |   110 |    30 ||   173
         Flail             |       |       |   147 ||   147
 Invoke: Curse Item        |       |       |     2 ||     2
  Evoke: Wand              |       |       |     1 ||     1
    Use: Scroll            |     1 |     9 |     3 ||    13
         Potion            |       |     1 |     3 ||     4
 Armour: Plate armour      |    47 |    71 |   133 ||   251
         Scale mail        |     1 |       |       ||     1
  Dodge: Dodged            |    17 |    33 |    67 ||   117
  Block: Buckler           |    17 |    21 |       ||    38
         Kite shield       |       |     6 |   116 ||   122

Table legend: (Time is in decaauts)
 A = Elapsed time spent in this place.
 B = Non-inter-level travel time spent in this place.
 C = Inter-level travel time spent in this place.
 D = Time resting spent in this place.
 E = Time spent auto-exploring this place.
 F = Levels seen in this place.
 G = Mean time per level.
                   A        B        C        D        E       F      G
               +--------+--------+--------+--------+--------+-----+--------+
         Total |   6097 |   5768 |    329 |      0 |   4404 |   9 |  677.4 |
       Dungeon |   5348 |   5030 |    318 |      0 |   3850 |   7 |  764.0 |
        Temple |    210 |    199 |     11 |      0 |    180 |   1 |  210.0 |
        Bailey |    539 |    539 |      0 |      0 |    374 |   1 |  539.0 |
               +--------+--------+--------+--------+--------+-----+--------+

Top non-repeatable levels by time:
     D:3: 1114 daAuts
     D:2: 1008 daAuts
     D:1: 911 daAuts
     D:5: 879 daAuts
     D:6: 703 daAuts
     D:4: 698 daAuts
  Bailey: 539 daAuts
  Temple: 210 daAuts
     D:7: 32 daAuts
